AoeStats
← Karl Polanyi

Arena

507848107Analyzed
2v2 RM · 13d ago on Sep 19, 2026· 60m 3s· 4 players
Game mode
Random Map
Map size
Medium (4 player)
Population
200
Speed
Normal
Resources
Standard
Victory
Conquest
Starting age
Dark Age
Ending age
Imperial Age
RankedLock teamsTeams togetherTeam positionsShared explorationLock speedFull tech treeHidden civsTurbo modeCheats
Victory
Defeat
🇭🇺 Persians · Hungary
1053
+11
🇵🇪 Franks · Peru
830
+20
🇬🇹 Romans · Guatemala
965
-17
🇲🇽 Vietnamese · Mexico
896
-14
Lord Daiki
11:00 Feudal Age
11:25 Feudal Age
14:04 Double-Bit Axe
17:17 Castle Age
16:28 Scale Mail Armor
16:29 Loom
18:53 Wheelbarrow
20:47 Forging
20:35 Horse Collar
21:00 Pikeman
25:00 Iron Casting
26:38 Chain Mail Armor
27:27 Light Cavalry
28:59 Fletching
29:09 Padded Archer Armor
29:56 Bloodlines
30:10 Heavy Plow
31:10 Husbandry
33:30 Elite Skirmisher
37:17 Squires
37:48 Town Watch
38:18 Hand Cart
37:53 Town Watch
40:48 Imperial Age
40:54 Imperial Age
41:05 Leather Archer Armor
40:45 Bodkin Arrow
41:40 Gold Mining
41:40 Stone Mining
42:32 Plate Mail Armor
42:30 Halberdier
44:00 Paper Money
44:00 Bow Saw
44:44 Fortified Wall
44:54 Ballistics
45:55 Stone Shaft Mining
49:17 Crop Rotation
50:40 Ring Archer Armor
50:10 Bracer
50:24 Imperial Skirmisher
51:09 Thumb Ring
53:43 Chemistry
52:47 Murder Holes
54:27 Elite Rattan Archer
56:14 Scale Barding Armor
56:27 Siege Engineers
Chris_Alva
5:47 Loom
13:02 Feudal Age
18:30 Castle Age
17:04 Horse Collar
17:32 Double-Bit Axe
20:15 Squires
20:35 Pikeman
24:30 Scale Mail Armor
30:27 Ballistas
34:33 Bow Saw
37:26 Chain Mail Armor
37:22 Forging
39:34 Iron Casting
46:09 Imperial Age
44:14 Heavy Plow
46:46 Wheelbarrow
47:51 Chemistry
46:50 Halberdier
46:54 Man-at-Arms
48:09 Gold Mining
51:46 Elite Skirmisher
54:04 Imperial Skirmisher
56:27 Ballistics
56:01 Fletching
56:12 Padded Archer Armor
56:55 Hand Cart
59:05 Blast Furnace
Karl Polanyi
8:06 Loom
9:53 Feudal Age
14:44 Castle Age
15:00 Double-Bit Axe
16:28 Bow Saw
19:22 Horse Collar
26:22 Stone Mining
29:39 Wheelbarrow
28:50 Town Watch
29:35 Scale Barding Armor
32:18 Stone Shaft Mining
32:07 Chain Barding Armor
32:45 Padded Archer Armor
34:00 Hand Cart
33:31 Town Watch
35:01 Leather Archer Armor
37:22 Husbandry
38:30 Bloodlines
39:44 Gold Mining
41:57 Ballistics
42:13 Masonry
45:09 Imperial Age
42:56 Forging
45:49 Kamandaran
46:23 Fletching
46:08 Cavalier
47:56 Iron Casting
47:30 Crossbowman
49:05 Architecture
49:40 Chemistry
50:01 Conscription
49:55 Citadels
51:37 Murder Holes
52:12 Architecture
52:32 Ring Archer Armor
53:03 Blast Furnace
52:08 Bodkin Arrow
52:49 Plate Barding Armor
53:22 Heavy Plow
54:14 Savar
56:16 Ring Archer Armor
57:12 Thumb Ring
Appa
4:21 Loom
11:40 Feudal Age
16:21 Castle Age
15:16 Double-Bit Axe
15:24 Gold Mining
15:47 Forging
17:02 Scale Barding Armor
19:31 Husbandry
21:09 Wheelbarrow
23:42 Chain Barding Armor
24:19 Town Watch
29:39 Iron Casting
30:40 Stone Mining
35:04 Imperial Age
36:23 Hand Cart
36:31 Cavalier
38:05 Paladin
39:09 Conscription
38:51 Chivalry
40:17 Blast Furnace
44:26 Plate Barding Armor
44:05 Bow Saw
49:46 Scale Mail Armor
51:45 Murder Holes
52:01 Masonry
61:04 Gold Shaft Mining
Connection lost

Rejoining the realm…

Still unreachable

The connection could not be restored.

Session expired

The server has moved on; the page needs a fresh start.